 Dungeon Crawl Stone Soup version 0.31-a0-7-g51783674b7 (webtiles) character file.

Game seed: 3917092501170547420

784 Dittersdorf the Trooper (level 7, 0/45 HPs)
             Began as a Gargoyle Fighter on May 5, 2023.
             Slain by a gnoll sergeant
             ... wielding a +4 spear of flaming
              (2 damage)
             ... on level 5 of the Dungeon.
             The game lasted 00:06:08 (3380 turns).

Dittersdorf the Trooper (Gargoyle Fighter)          Turns: 3380, Time: 00:06:09

Health: 0/45       AC:  8    Str: 21    XL:     7   Next: 86%
Magic:  16/16      EV:  8    Int:  9    God:
Gold:   235        SH:  5    Dex:  9    Spells: 6/6 levels left

rFire   . . .        a - +0 flail (heavy)
rCold   . . .        c - +0 buckler
rNeg    + . .        x - +0 chain mail
rPois   ∞            i - +0 helmet
rElec   +            (no cloak)
rCorr   .            (no gloves)
SInv    .            (no boots)
Will    +....        r - amulet of faith Stlth
                     b - ring of Xaavunih {Will+ MP+9}
HPRegen 0.27/turn    (no ring)
MPRegen 0.15/turn

%: faith
@: corroded
A: sickness immunity, AC +4, negative energy resistance 1, electricity
resistance, torment resistance 1, petrification resistance
a: no special abilities


You were on level 5 of the Dungeon.
You visited 1 branch of the dungeon, and saw 5 of its levels.

You collected 235 gold pieces.

Inventory:

Hand Weapons
 a - a +0 heavy flail (weapon)
Missiles
 m - a throwing net
 t - 20 poisoned darts (quivered)
Armour
 c - a +0 buckler (worn)
 i - a +0 helmet (worn)
 s - a +1 plate armour
 x - a +0 chain mail (worn)
Jewellery
 b - the ring of Xaavunih (left hand) {Will+ MP+9}
   (You acquired it on level 4 of the Dungeon)

   [ring of magical power]

   MP:        It affects your magic capacity (+9).
   Will:      It increases your willpower.
 r - an amulet of faith (around neck)
Wands
 B - a wand of flame (11)
Scrolls
 g - 2 scrolls of enchant armour
 j - a scroll of fear
 n - a scroll of teleportation
Potions
 d - a potion of might
 e - a potion of flight
 f - 2 potions of invisibility {unknown}
 h - a potion of lignification {unknown}
 k - 5 potions of heal wounds {unknown}
 l - a potion of degeneration {unknown}
 q - a potion of cancellation
 w - a potion of resistance
 z - a potion of berserk rage


   Skills:
 + Level 5.7 Fighting
 + Level 4.6 Maces & Flails
 + Level 5.6 Armour
 + Level 5.6 Shields


You had 6 spell levels left.
You didn't know any spells.
Your spell library was empty.

Dungeon Overview and Level Annotations

Branches:
Dungeon (5/15)
 Temple: D:4-7

Altars:
Cheibriados
Elyvilon
Fedhas
Nemelex Xobeh
Trog
Xom


Innate Abilities, Weirdness & Mutations

You are immune to sickness and miasma.
Your stone body is resilient. (AC +4)
You are immune to poison.
You resist negative energy. (rN+)
You are resistant to electric shocks. (rElec)
You are resistant to unholy torment.
You are immune to petrification.


Message History

You miss the adder. The adder bites you but does no damage.
The adder barely misses you. x2
You closely miss the adder.
The gnoll sergeant shouts!
An adder comes into view.
The adder barely misses you. The adder bites you but does no damage.
You closely miss the adder.
The adder hisses angrily.
You block the adder's attack. The adder barely misses you.
The dart slug briefly extends its eye-stalks.
You barely miss the adder. The adder closely misses you.
You block the adder's attack.
A quokka comes into view.
The adder bites you but does no damage.
You barely miss the adder. You block the adder's attack.
The adder bites you but does no damage.
You sock the adder!
You kill the adder!
The gnoll sergeant barely misses you. The jelly barely misses you.
The jelly attacks as you move away! You block the jelly's attack.
The jelly attacks as you move away! The jelly hits you but does no damage.
The jelly attacks as you move away! The jelly hits you but does no damage.
The dart slug launches a dart at you. You block the slug dart.
The jelly attacks as you move away! The jelly hits you. The acid corrodes you!
You are splashed with acid!
* * * LOW HITPOINT WARNING * * *
The jelly attacks as you move away! The jelly completely misses you.
The adder attacks as you move away! The adder bites you but does no damage.
The jelly attacks as you move away! The jelly hits you but does no damage.
The jelly attacks as you move away! The jelly hits you.
* * * LOW HITPOINT WARNING * * *
The acid corrodes you!
You are splashed with acid!
* * * LOW HITPOINT WARNING * * *
The jelly attacks as you move away! You block the jelly's attack.
The jelly hits you but does no damage.
The gnoll sergeant hits you from afar with a +4 spear of flaming.
* * * LOW HITPOINT WARNING * * *
The gnoll sergeant burns you.
You die...

######...........#
#...........'
.......#########.#
#......####.# .#######
#.# #..###.# #.# .# #.#
#..#...## #.# .# #.#
##..#....###.# .# .#
#.###......_......
.###>...
#.##...###....#...
.'.....# #.##.#.#
##...#..# .###.#..
..#.###@##.#.# #.###..#
...#.#
........Jg...####.......
.#.#.#
.##.###.S...............
.#.#.#
###########.######
...#.# #.S# # ...#.#
##.# # ...#.# #.#####
.>.#.###### #......
..........+ #......


You could see a gnoll sergeant, a jelly and an adder.

Vanquished Creatures
  A wyvern (D:5)
  A black bear (D:4)
  An ogre (D:4)
  A phantom (D:5)
  A scorpion (D:2)
  A jelly (D:5)
  A hound (D:4)
  A gnoll bouda (D:4)
  3 iguanas
  6 adders
  A shadow imp (D:5)
  3 worms (D:2)
  10 orcs
  6 bats
  7 endoplasms
  2 giant cockroaches
  9 goblins
  9 hobgoblins
  7 jackals
  6 quokkas
  4 ball pythons
  4 frilled lizards
  5 kobolds
  8 rats
98 creatures vanquished.

Vanquished Creatures (others)
  16 plants (D:4)
16 creatures vanquished.

Grand Total: 114 creatures vanquished

Notes
Turn   | Place    | Note
-------+----------+-------------------------------------------
     0 | D:1      | Dittersdorf the Gargoyle Fighter began the quest for the
                  | Orb.
     0 | D:1      | Reached XP level 1. HP: 14/14 MP: 1/1
    61 | D:1      | Reached XP level 2. HP: 11/19 MP: 2/2
   495 | D:1      | Reached XP level 3. HP: 24/24 MP: 3/3
  1053 | D:2      | Found a white marble altar of Elyvilon.
  1168 | D:2      | Reached XP level 4. HP: 23/29 MP: 4/4
  1247 | D:2      | Noticed a scorpion
  1255 | D:2      | Killed a scorpion
  1256 | D:2      | Reached XP level 5. HP: 33/33 MP: 5/5
  1990 | D:4      | Identified a scroll of acquirement
  1990 | D:4      | Acquired the ring of Xaavunih {Will+ MP+9}
  2251 | D:4      | Noticed a black bear
  2259 | D:4      | Killed a black bear
  2260 | D:4      | Reached XP level 6. HP: 38/40 MP: 6/6
  2615 | D:4      | Reached skill level 5 in Fighting
  2651 | D:4      | Found a shimmering altar of Xom.
  2741 | D:4      | Found a sparkling altar of Nemelex Xobeh.
  2747 | D:4      | Found a bloodstained altar of Trog.
  2877 | D:5      | Entered Level 5 of the Dungeon
  3091 | D:4      | Reached skill level 5 in Armour
  3091 | D:4      | Reached XP level 7. HP: 15/44 MP: 7/7
  3094 | D:4      | Reached skill level 5 in Shields
  3231 | D:5      | Found a snail-covered altar of Cheibriados.
  3263 | D:5      | Found a blossoming altar of Fedhas.
  3332 | D:5      | Noticed a wyvern
  3352 | D:5      | Killed a wyvern
  3380 | D:5      | HP: 2/45 [gnoll sergeant/+4 spear of flaming (4)]
  3380 | D:5      | Slain by a gnoll sergeant

Illustrated notes

Levels and vault maps discovered:
D:1:      eino_arrival_cavern_e, layout_basic
D:2:      layout_rooms, basic_altar
D:3:      layout_rooms, item_on_display_a
D:4:      minmay_chambers_of_twos, layout_cave_pools, tgw_xom,
          amethyst_overflow_temple_binary, serial_bayou, serial_bayou_lagoon_b,
          serial_bayou_lagoon_a, serial_bayou_pond_e, serial_bayou_crossing,
          kennysheep_generic_room_9
D:5:      cheibrodos_fzero, layout_basic, kennysheep_mini,
          general_overflow_altar, nicolae_overflow_crystal_walls

Skill      XL: |  1  2  3  4  5  6  7 |
---------------+----------------------+-----
Fighting       | 4 5 |  5.7
Maces & Flails | 3 4 |  4.6
Armour         | 4 5 |  5.6
Shields        | 4 5 |  5.6

Action                     |  1- 3 |  4- 6 |  7- 9 || total
---------------------------+-------+-------+-------++-------
  Melee: Flail             |   134 |   158 |    28 ||   320
    Use: Scroll            |       |    15 |     1 ||    16
 Armour: Scale mail        |    82 |    41 |       ||   123
         Chain mail        |       |    81 |    24 ||   105
  Dodge: Dodged            |    72 |    95 |    24 ||   191
  Block: Buckler           |    35 |    38 |    17 ||    90

Table legend: (Time is in decaauts)
 A = Elapsed time spent in this place.
 B = Non-inter-level travel time spent in this place.
 C = Inter-level travel time spent in this place.
 D = Time resting spent in this place.
 E = Time spent auto-exploring this place.
 F = Levels seen in this place.
 G = Mean time per level.
                   A        B        C        D        E       F      G
               +--------+--------+--------+--------+--------+-----+--------+
         Total |   3575 |   3436 |    139 |    489 |   2022 |   5 |  715.0 |
       Dungeon |   3575 |   3436 |    139 |    489 |   2022 |   5 |  715.0 |
               +--------+--------+--------+--------+--------+-----+--------+

Top non-repeatable levels by time:
     D:4: 1269 daAuts
     D:1: 870 daAuts
     D:2: 651 daAuts
     D:3: 484 daAuts
     D:5: 299 daAuts
